 Dungeon Crawl Stone Soup version 0.28.0-53-g5a82cb258f (webtiles) character file.

Game seed: 15756581341531772868

102890 issech the Fighter (level 15, -6/139 HPs)
             Began as a Minotaur Monk on June 3, 2022.
             Was the Champion of Hepliaklqana.
             Killed from afar by a hell hog (15 damage)
             ... with a fireball
             ... on level 3 of the Abyss.
             The game lasted 02:14:54 (27599 turns).

issech the Fighter (Minotaur Monk)                 Turns: 27599, Time: 02:14:55

Health: -6/139     AC: 25    Str: 17    XL:     15   Next: 87%
Magic:  12/14      EV: 10    Int:  7    God:    Hepliaklqana [******]
Gold:   2034       SH: 23    Dex: 19    Spells: 14/14 levels left

rFire   + . .      SeeInvis +   O - +10 mace of Integrity {freeze, rElec rPois}
rCold   . . .      Faith    .   s - +5 kite shield {rN+}
rNeg    + . .      Spirit   .   A - +4 chain mail {rF+}
rPois   +          Reflect  .   u - +1 hat of a bailey {Fly rCorr SInv}
rElec   +          Harm     .   P - +1 cloak
rCorr   +          Rampage  .   R - +2 pair of gloves {infuse}
Will    ++...                   e - +0 pair of boots
Stlth   ..........              t - amulet of regeneration
HPRegen 0.00/turn               J - ring of Otecon {rElec rPois Will+ SInv}
MPRegen 0.14/turn               K - +4 ring of slaying

@: about to teleport, sick, flying, studying Long Blades
A: reduced essence, horns 2, retaliatory headbutt, large bone plates 1, robust 1
a: Renounce Religion, Recall Ancestor, Ancestor Identity, Transference, Idealise


You were on level 3 of the Abyss.
You worshipped Hepliaklqana.
Hepliaklqana was exalted by your worship.
You visited 5 branches of the dungeon, and saw 22 of its levels.
You visited the Abyss 1 time.
You also visited: Bailey.

You collected 2082 gold pieces.
You spent 48 gold pieces at shops.

Inventory:

Hand Weapons
 k - the +3 Elemental Staff {rElec rF++ rC++ AC+5}
   (You took it off a deep elf pyromancer on level 10 of the Dungeon)

   If the wielder is skilled in Evocations, they can discharge powerful blasts
   of elemental energy when striking with it.
   It enhances your fire, ice, earth and air magic.
   AC:        It affects your AC (+5).
   rF:        It greatly protects you from fire.
   rC:        It greatly protects you from cold.
   rElec:     It insulates you from electricity.
 v - a +0 hunting sling of freezing
 O - the +10 mace of Integrity (weapon) {freeze, rElec rPois}
   (You found it on level 6 of the Dungeon)

   It freezes those it strikes, dealing additional cold damage.
   It can also slow down cold-blooded creatures.
   rElec:     It insulates you from electricity.
   rPois:     It protects you from poison.
 Y - the +8 war axe "Rudoere" {drain, rPois rC- rN+ Int+4 Stlth+}
   (You found it on level 9 of the Dungeon)

   A truly terrible weapon, it drains the life of any living foe it strikes.
   Int:       It affects your intelligence (+4).
   rC:        It makes you vulnerable to cold.
   rPois:     It protects you from poison.
   rN:        It protects you from negative energy.
   Stlth:     It makes you more stealthy.
 Z - a +7 hand crossbow of venom
Missiles
 c - 198 sling bullets
 f - 756 stones
 h - 45 poisoned darts
 i - 802 arrows
 p - 8 curare-tipped darts
 q - 486 bolts
 M - 2 throwing nets
 T - 6 boomerangs (quivered)
Armour
 e - a +0 pair of boots (worn)
 s - a +5 kite shield of positive energy (worn)
 u - the +1 hat of a bailey (worn) {Fly rCorr SInv}
   (You acquired it on level 10 of the Dungeon)

   SInv:      It lets you see invisible.
   Fly:       It grants you flight.
   rCorr:     It protects you from acid and corrosion.
 A - a +4 chain mail of fire resistance (worn)
 N - the +3 robe of Dofe {*Slow rCorr Slay+4 SInv}
   (You found it in a bailey)

   Slay:      It affects your accuracy & damage with ranged weapons and melee
   (+4).
   SInv:      It lets you see invisible.
   rCorr:     It protects you from acid and corrosion.
   *Slow:     It may slow you when you take damage.
 P - a +1 cloak (worn)
 R - a +2 pair of gloves of infusion (worn)
Jewellery
 t - an amulet of regeneration (around neck)
 x - a ring of willpower
 D - a +4 ring of protection
 E - a ring of positive energy
 G - a ring of protection from cold
 J - the ring of Otecon (left hand) {rElec rPois Will+ SInv}
   (You found it on level 3 of the Elven Halls)

   [ring of see invisible]

   rElec:     It insulates you from electricity.
   rPois:     It protects you from poison.
   SInv:      It lets you see invisible.
   Will:      It increases your willpower.
 K - a +4 ring of slaying (right hand)
 Q - an amulet of reflection
 W - the ring "Giobasu" {Fire rElec rCorr Str-4 Int+6}
   (You found it on level 15 of the Dungeon)

   [ring of fire]

   It enhances your fire magic.
   Str:       It affects your strength (-4).
   Int:       It affects your intelligence (+6).
   rF:        It protects you from fire.
   rC:        It makes you vulnerable to cold.
   rElec:     It insulates you from electricity.
   rCorr:     It protects you from acid and corrosion.
Wands
 b - a wand of charming (6)
 m - a wand of digging (11)
 y - a wand of flame (55)
 z - a wand of mindburst (6)
 S - a wand of iceblast (18)
 U - a wand of acid (2)
 X - a wand of paralysis (19)
Scrolls
 a - a scroll of fog
 g - 4 scrolls of fear
 n - a scroll of summoning
 o - a scroll of magic mapping
 w - 5 scrolls of blinking
 C - 3 scrolls of holy word
 F - 2 scrolls of silence
 I - 4 scrolls of teleportation
Potions
 d - 12 potions of curing
 j - 7 potions of might
 l - 3 potions of cancellation
 r - a potion of resistance
 H - 4 potions of heal wounds
 L - a potion of invisibility
 V - 5 potions of haste
Miscellaneous
 B - a box of beasts


   Skills:
 + Level 14.5 Fighting
 + Level 13.5(16.1) Axes
 + Level 14.2(16.4) Maces & Flails
 + Level 10.9 Crossbows
 + Level 2.7 Throwing
 + Level 13.8 Armour
 + Level 7.3 Dodging
 + Level 5.3 Stealth
 + Level 14.5 Shields
 + Level 0.3 Evocations


You had 14 spell levels left.
You didn't know any spells.
Your spell library contained the following spells:

 Spells                   Type           Power      Damage    Failure   Level
 Apportation              Tloc           0%         N/A       99%         1
 Beastly Appendage        Tmut           0%         N/A       99%         1
 Slow                     Hex            0%         N/A       99%         1
 Corpse Rot               Necr/Air       0%         N/A       100%        2
 Poisonous Vapours        Pois/Air       0%         N/A       100%        2
 Scorch                   Fire           0%         2d5       100%        2
 Sublimation of Blood     Necr           0%         N/A       100%        2
 Wereblood                Tmut           0%         N/A       100%        2
 Confusing Touch          Hex            0%         N/A       100%        3
 Frozen Ramparts          Ice            0%         1d2       100%        3
 Gell's Gravitas          Tloc           0%         N/A       100%        3
 Ignite Poison            Fire/Tmut/Pois 0%         N/A       100%        3
 Mephitic Cloud           Conj/Pois/Air  0%         N/A       100%        3
 Spider Form              Tmut/Pois      0%         N/A       100%        3
 Stone Arrow              Conj/Erth      0%         3d7       100%        3
 Teleport Other           Tloc           0%         N/A       100%        3
 Tukima's Dance           Hex            0%         N/A       100%        3
 Vampiric Draining        Necr           0%         2d6       100%        3
 Animate Armour           Summ/Erth      0%         N/A       100%        4
 Ice Form                 Ice/Tmut       0%         N/A       100%        4
 Passage of Golubria      Tloc           0%         N/A       100%        4
 Petrify                  Tmut/Erth      0%         N/A       100%        4
 Summon Ice Beast         Ice/Summ       0%         N/A       100%        4
 Agony                    Necr           0%         N/A       100%        5
 Alistair's Intoxication  Tmut/Pois      0%         N/A       100%        5
 Fireball                 Conj/Fire      0%         3d3       100%        5
 Freezing Cloud           Conj/Ice/Air   0%         6-21      100%        5
 Metabolic Englaciation   Hex/Ice        0%         N/A       100%        5
 Yara's Violent Unravell  Hex/Tmut       0%         3d3       100%        5
 Dispersal                Tloc           0%         N/A       100%        6
 Statue Form              Tmut/Erth      0%         N/A       100%        6
 Summon Hydra             Summ           0%         N/A       100%        7
 Infestation              Necr           0%         N/A       100%        8
 Lehudib's Crystal Spear  Conj/Erth      0%         10d2      100%        8


Dungeon Overview and Level Annotations

Branches:
Dungeon (15/15)            Temple (1/1) D:4            Lair (0/6) D:10
    Orc (2/2) D:10            Elf (3/3) Orc:2        Vaults (0/5) D:13
 Depths (1/4) D:15         Bailey (visited)

Altars:
Ashenzari
Cheibriados
Dithmenos
Elyvilon
Fedhas
Gozag
Hepliaklqana
Kikubaaqudgha
Makhleb
Nemelex Xobeh
Okawaru
Qazlal
Ru
Sif Muna
Trog
Uskayaw
Vehumet
Wu Jian
Xom
Yredelemnul
Zin
The Shining One
Beogh

Shops:
D:4 [   D:9 ?   Orc:1 (   Orc:2 [=:((

Annotations:
Orc:1 2 transporters


Innate Abilities, Weirdness & Mutations

Your life essence is reduced to manifest your ancestor. (-10% HP)
You have a pair of horns on your head.
You reflexively headbutt those who attack you in melee.
You are partially covered in large bone plates. (SH +4)
You are robust. (+10% HP)


Message History

You hear an angry squeal. x2; You hear a hideous shriek!
You hear an angry squeal.
You hear a roar!
You hear a chilling moan.
You hear a hideous shriek! x2
A worldbinder comes into view.
The hell hog breathes fire at you.
The fireball explodes!
The fireball engulfs Eideard!
Eideard resists.
You feel yourself growing ill in the presence of the ancient zyme.
The worldbinder calls forth creatures from the Swamp!
Eideard gestures at the hell hog while chanting.
The stone arrow hits the hell hog!!
You hear an angry squeal.
The hell hog closely misses Eideard.
Eideard hits the hell hog with a +0 quarterstaff!
You feel ill.
A hell hog comes into view.
The hell hog bites Eideard but does no damage.
Eideard hits the hell hog with a +0 quarterstaff!
The bog body gestures at you while chanting.
The bolt of cold hits you!!
You hear an explosion!
You hear an angry squeal. x2
The bog body points at you and mumbles some strange words.
The bolt of cold hits you!!
* * * LOW HITPOINT WARNING * * *
As you read the scroll of fog, it crumbles to dust.
The scroll dissolves into smoke.
You hear an explosion!
The hell hog breathes fire at you.
The fireball explodes!
The fireball engulfs you! You resist.
* * * LOW HITPOINT WARNING * * *
You hear an angry squeal.
As you read the scroll of teleportation, it crumbles to dust.
You feel strangely unstable.
You feel the power of the Abyss delaying your translocation!
You block the hell hog's attack.
You hear an explosion!
Eideard has departed this plane of existence.
The hell hog breathes fire at you.
The fireball explodes!
The fireball engulfs you! You resist.
You die...

# # ####. ...
#. ### #.#
###§§## ..#.#.
#§§#§#§.##...#
##§h#§§#.....#
#@##§§§.#...
### #§§#.# ##
#.##......#.
####.#.. .....
. .#...x #..#
### #.#.##k. .
# #.h . #
R#.#..# ..
..##.##h
###..# # #..
...x#..# .#.#


You could see a hell hog (catching breath).

Vanquished Creatures
  Asterion (Elf:3)
  A tentacled starspawn (Abyss:3)
  A deep elf sorcerer (Elf:1)
  A juggernaut skeleton (D:15)
  A stone giant (Depths:1)
  2 ettins (Orc:2)
  A deep elf death mage (Elf:1)
  A hydra (shapeshifter) (D:14)
  21 dancing weapons
  A two-headed ogre (D:8)
  5 centaur warriors
  2 tengu warriors
  An orc high priest (Elf:1)
  8 deep elf knights
  The ghost of issech the Cudgeller, a novice MiMo (D:10)
  2 skeletal warriors (D:15)
  9 deep elf archers
  19 deep elf zephyrmancers
  3 orc knights
  3 necromancers
  4 large abominations
  4 ugly things
  2 orc sorcerers
  14 deep elf pyromancers
  2 cyclopes
  A stone giant skeleton (D:15)
  A black mamba (shapeshifter) (Elf:3)
  A gargoyle (D:10)
  A cane toad (shapeshifter) (D:15)
  A smoke demon (Abyss:3)
  An unseen horror (D:13)
  A spriggan zombie (D:15)
  A yaktaur (D:13)
  4 kobold demonologists
  3 trolls
  Grinder (D:4)
  3 slime creatures (D:14)
  A spriggan (shapeshifter) (Elf:1)
  19 yaks
  2 air elementals
  A wraith (D:12)
  A basilisk (D:15)
  A water elemental (D:15)
  3 fire elementals
  10 humans (D:13)
  A wyvern (D:11)
  A neqoxec (Abyss:3)
  3 steam dragons (D:10)
  3 wargs
  An acid dragon (D:11)
  Edmund (D:4)
  2 water moccasins (D:7)
  Duvessa (D:6)
  A sky beast (D:7)
  34 orc warriors
  20 centaurs
  4 ogres
  A phantom (D:6)
  2 kobold brigands
  3 elf zombies (Elf:1)
  3 bullfrogs
  A gnoll sergeant (D:6)
  2 scorpions
  An earth elemental (Elf:2)
  A battlemage (Elf:2)
  Dowan (D:6)
  3 killer bees
  A water moccasin skeleton (D:5)
  4 electric eels
  7 howler monkeys
  9 orc priests
  2 jellies
  3 iguanas
  A gnoll shaman (D:8)
  Natasha (twice) (D:2)
  9 orc wizards
  2 howler monkey zombies
  4 adders
  10 gnolls
  A shadow imp (D:7)
  An ufetubus (D:7)
  2 worms
  An adder skeleton (D:4)
  A dart slug (D:2)
  52 orcs
  6 ball pythons
  3 bats
  4 endoplasms
  5 giant cockroaches
  14 goblins
  12 hobgoblins
  12 kobolds
  3 quokkas
  A frilled lizard (D:1)
  5 rats
  A plant (D:15)
435 creatures vanquished.

Vanquished Creatures (collateral kills)
  A frost giant (Depths:1)
  Fannar (D:10)
  2 vault guards (D:13)
  A hydra (D:15)
  2 two-headed ogres
  2 dancing weapons (Elf:2)
  A tengu warrior (D:13)
  An orc high priest (Elf:3)
  A vampire mage (D:15)
  Nergalle (D:11)
  5 deep elf knights
  A shadow wraith (D:15)
  2 large abominations (Elf:1)
  2 orc knights
  6 deep elf pyromancers
  5 deep elf zephyrmancers
  3 ugly things
  2 orc sorcerers
  A fire giant zombie (D:15)
  A manticore (D:15)
  A gargoyle (D:13)
  A rime drake (D:10)
  A yaktaur (D:13)
  An efreet (D:14)
  An unseen horror (D:12)
  3 trolls
  A troll (shapeshifter) (Elf:2)
  3 slime creatures (D:14)
  2 water elementals
  2 air elementals (Elf:2)
  A wyvern (D:7)
  7 yaks
  A wraith (D:13)
  10 humans (D:13)
  A basilisk (D:14)
  Menkaure (D:4)
  A water moccasin (D:5)
  11 orc warriors
  A sky beast (D:8)
  2 ogres
  A centaur (Orc:2)
  An elf zombie (Elf:1)
  A kobold brigand (D:12)
  3 bullfrogs
  An earth elemental (Elf:3)
  A scorpion (D:4)
  3 killer bees
  2 electric eels (Bailey)
  4 howler monkeys
  4 starcursed masses (Abyss:3)
  2 centaur zombies
  3 orc priests
  2 iguanas
  5 orc wizards
  An adder (D:6)
  2 gnolls
  A howler monkey skeleton (D:6)
  An ufetubus (D:6)
  A worm (D:5)
  15 orcs
  An endoplasm (D:4)
  A giant cockroach (D:4)
  2 goblins (Bailey)
  6 kobolds
157 creatures vanquished.

Vanquished Creatures (others)
  2 deep elf knights (Elf:2)
  A deep elf pyromancer (Elf:2)
  28 battlemagi
  An orc (Orc:2)
  A fungus (D:14)
  51 plants
  2 starspawn tentacles (Abyss:3)
  2 withered plants (D:15)
88 creatures vanquished.

Grand Total: 680 creatures vanquished

Notes
Turn   | Place    | Note
-------+----------+-------------------------------------------
     0 | D:1      | issech the Minotaur Monk began the quest for the Orb.
     0 | D:1      | Reached XP level 1. HP: 19/19 MP: 0/0
   106 | D:1      | Found a faded altar of an unknown god.
   443 | D:1      | Reached XP level 2. HP: 27/27 MP: 1/1
  1173 | D:2      | Reached XP level 3. HP: 33/33 MP: 2/2
  1680 | D:2      | Noticed Natasha
  1693 | D:2      | Killed Natasha
  1694 | D:2      | Reached XP level 4. HP: 6/41 MP: 3/3
  2119 | D:2      | Noticed Natasha
  2125 | D:2      | Killed Natasha
  2126 | D:2      | Reached skill level 5 in Axes
  2555 | D:3      | Reached skill level 1 in Armour
  2561 | D:3      | Found a burning altar of Makhleb.
  2971 | D:4      | Noticed an ogre
  2979 | D:4      | Killed an ogre
  2980 | D:4      | Reached XP level 5. HP: 27/47 MP: 4/4
  3183 | D:4      | Found a staircase to the Ecumenical Temple.
  3188 | D:4      | Found Zoghof's Armour Boutique.
  3226 | D:4      | Got the Almanac of the Volcanoes
  3256 | Temple   | Entered the Ecumenical Temple
  3279 | Temple   | Became a worshipper of Hepliaklqana the Forgotten
  3279 | Temple   | Reached * piety under Hepliaklqana
  3279 | Temple   | Reached ** piety under Hepliaklqana
  3280 | Temple   | Remembered your ancestor Eideard as a battlemage
  3463 | D:4      | Noticed Grinder
  3474 | D:4      | Killed Grinder
  3475 | D:4      | Reached skill level 5 in Fighting
  3475 | D:4      | Reached XP level 6. HP: 20/50 MP: 5/5
  3887 | D:4      | Noticed Menkaure
  3892 | D:4      | Killed Menkaure
  3893 | D:4      | Reached XP level 7. HP: 54/54 MP: 6/6
  3899 | D:4      | Noticed Edmund
  3909 | D:4      | Killed Edmund
  3910 | D:4      | Reached skill level 1 in Throwing
  4250 | D:4      | Found an ancient bone altar of Kikubaaqudgha.
  4530 | D:5      | Entered Level 5 of the Dungeon
  4672 | D:5      | Found a snail-covered altar of Cheibriados.
  4759 | D:5      | Reached skill level 1 in Maces & Flails
  4759 | D:5      | Reached skill level 5 in Armour
  5109 | D:5      | Reached XP level 8. HP: 41/63 MP: 7/7
  5723 | D:6      | Noticed Dowan
  5724 | D:6      | Noticed Duvessa
  5735 | D:6      | Killed Duvessa
  5739 | D:6      | Killed Dowan
  5850 | D:6      | Reached skill level 5 in Maces & Flails
  6026 | D:6      | Identified the +10 mace of Integrity {freeze, rElec rPois}
  6662 | D:7      | Reached XP level 9. HP: 43/69 MP: 8/8
  6671 | D:7      | Found a stormy altar of Qazlal.
  7111 | D:7      | Reached *** piety under Hepliaklqana
  7468 | D:8      | Noticed a brown ugly thing
  7543 | D:8      | Noticed a troll
  7543 | D:8      | Noticed a tengu warrior
  7544 | D:8      | Noticed a white ugly thing
  7545 | D:8      | Noticed a kobold demonologist
  7547 | D:8      | Noticed a centaur warrior
  7618 | D:8      | Noticed a two-headed ogre
  7625 | D:8      | Killed a two-headed ogre
  8171 | D:8      | Found a shimmering altar of Xom.
  8629 | D:9      | Noticed a +0 dagger
  8630 | D:9      | Noticed a +0 dagger
  8635 | D:9      | Found a hide-covered altar of Uskayaw.
  8868 | D:9      | Found Qexoadi's Magic Scroll Shop.
  8873 | D:9      | Reached skill level 1 in Shields
  8878 | D:9      | Reached XP level 10. HP: 77/77 MP: 9/9
  8894 | D:9      | Reached skill level 5 in Dodging
  8906 | D:9      | Bought a scroll of identify for 24 gold pieces
  8906 | D:9      | Bought a scroll of identify for 24 gold pieces
  9053 | D:9      | Identified the +8 war axe "Rudoere" {drain, rPois rC- rN+
                  | Int+4 Stlth+}
  9124 | D:9      | Reached skill level 10 in Maces & Flails
  9583 | D:10     | Entered Level 10 of the Dungeon
  9585 | D:10     | Identified a scroll of acquirement
  9585 | D:10     | Acquired a +2 kite shield of positive energy
  9592 | D:10     | Noticed Fannar
  9610 | D:10     | Killed Fannar
  9657 | D:10     | Found a flagged portal.
  9667 | Bailey   | Entered a bailey
  9870 | Bailey   | Found an iron altar of Okawaru.
  9964 | Bailey   | Identified the +3 robe of Dofe {*Slow rCorr Slay+4 SInv}
 10081 | Bailey   | Noticed an orc knight
 10089 | Bailey   | Killed an orc knight
 10090 | Bailey   | Reached XP level 11. HP: 64/85 MP: 0/10
 10577 | D:10     | Noticed a two-headed ogre
 10581 | D:10     | Killed a two-headed ogre
 10582 | D:10     | Reached skill level 1 in Crossbows
 10618 | D:10     | Reached skill level 10 in Armour
 10733 | D:10     | Reached **** piety under Hepliaklqana
 10742 | D:10     | Found a staircase to the Lair.
 10749 | D:10     | Found a large runed translucent door.
 10749 | D:10     | Found a large runed translucent door.
 10759 | D:10     | Noticed issech's ghost (novice MiMo)
 10837 | D:10     | Found a staircase to the Orcish Mines.
 10975 | D:10     | Noticed a white ugly thing
 11020 | D:10     | Reached skill level 10 in Axes
 11084 | D:10     | Noticed a deep elf pyromancer
 11086 | D:10     | Killed a deep elf pyromancer
 11096 | D:10     | Acquired the +1 hat of a bailey {Fly rCorr SInv}
 11147 | D:10     | Killed a white ugly thing
 11291 | D:10     | Reached skill level 5 in Crossbows
 11377 | D:10     | Killed issech's ghost
 11627 | D:11     | Noticed a two-headed ogre
 11632 | D:11     | Killed a two-headed ogre
 11744 | D:11     | Noticed Nergalle
 11750 | D:11     | Killed Nergalle
 11929 | D:11     | Reached ***** piety under Hepliaklqana
 11935 | D:11     | Reached skill level 10 in Fighting
 12171 | D:11     | Reached XP level 12. HP: 95/95 MP: 11/11
 12749 | D:12     | Noticed a centaur warrior
 12752 | D:12     | Killed a centaur warrior
 13197 | D:12     | Reached skill level 5 in Shields
 13394 | D:12     | Gained mutation: You are partially covered in large bone
                  | plates. (SH +4) [potion of mutation]
 13394 | D:12     | Gained mutation: You are robust. (+10% HP) [potion of
                  | mutation]
 13957 | D:13     | Noticed a vault guard
 14293 | D:13     | Killed a vault guard
 14326 | D:13     | Noticed a vault guard
 14333 | D:13     | Killed a vault guard
 14396 | D:13     | Found a gate to the Vaults.
 14555 | D:13     | Noticed a tengu warrior
 14561 | D:13     | Killed a tengu warrior
 14647 | D:13     | Found a bloodstained altar of Trog.
 15118 | D:14     | Identified the +1 scale mail of Sif Muna's Anger {*Slow
                  | rElec rN+++ Int+5}
 15146 | D:14     | Noticed a centaur warrior
 15147 | D:14     | Reached XP level 13. HP: 116/116 MP: 12/12
 16277 | D:14     | Reached skill level 10 in Crossbows
 16657 | D:15     | Entered Level 15 of the Dungeon
 16915 | D:15     | Found a staircase to the Depths.
 18133 | D:15     | Identified the ring "Giobasu" {Fire rElec rCorr Str-4
                  | Int+6}
 18646 | Depths:1 | Entered Level 1 of the Depths
 18646 | Depths:1 | Noticed a stone giant
 18649 | Depths:1 | Noticed a frost giant
 18652 | Depths:1 | Killed a stone giant
 18657 | Depths:1 | Killed a frost giant
 18672 | Depths:1 | Noticed a fire dragon
 18673 | Depths:1 | Noticed a cyan very ugly thing
 18673 | Depths:1 | Noticed a cyan very ugly thing
 18674 | Depths:1 | Noticed a cyan very ugly thing
 18674 | Depths:1 | Noticed a cyan very ugly thing
 18950 | D:11     | You are sucked into a shaft and drop 3 floors!
 19210 | Orc:1    | Entered Level 1 of the Orcish Mines
 19282 | Orc:1    | Reached ****** piety under Hepliaklqana
 19291 | Orc:1    | Found Oneexudd's Weapon Shoppe.
 19392 | Orc:1    | Found a transporter.
 19441 | Orc:1    | Noticed an ettin
 19443 | Orc:1    | Noticed a stone giant
 19447 | Orc:1    | Found a transporter.
 19738 | Orc:2    | Entered Level 2 of the Orcish Mines
 19738 | Orc:2    | Found a radiant altar of Vehumet.
 19986 | Orc:2    | Reached XP level 14. HP: 105/127 MP: 13/13
 20109 | Orc:2    | Found Muimpip's Book Boutique.
 20109 | Orc:2    | Found Ogrot's Weapon Emporium.
 20306 | Orc:2    | Found Tafrunech's Antique Weapon Shoppe.
 20308 | Orc:2    | Found Tuownirph's Jewellery Shop.
 20358 | Orc:2    | Found Vufisah's Armour Emporium.
 20422 | Orc:2    | Reached skill level 10 in Shields
 20615 | Orc:2    | Found a staircase to the Elven Halls.
 21270 | Elf:1    | Entered Level 1 of the Elven Halls
 21385 | Elf:1    | Noticed a deep elf sorcerer
 21395 | Elf:1    | Killed a deep elf sorcerer
 21856 | Elf:1    | Paralysed by an air elemental for 1 turns
 22958 | Elf:1    | Got the Handbook of Necromancy
 23636 | Elf:2    | Reached skill level 5 in Stealth
 24068 | Elf:2    | Reached XP level 15. HP: 119/137 MP: 11/14
 24832 | Elf:2    | Found a runed translucent gate.
 24833 | Elf:2    | Found a runed translucent gate.
 24833 | Elf:2    | Found a runed translucent gate.
 26492 | Elf:3    | Entered Level 3 of the Elven Halls
 26492 | Elf:3    | Noticed Asterion
 26520 | Elf:3    | Killed Asterion
 27068 | Elf:3    | Identified the ring of Otecon {rElec rPois Will+ SInv}
 27358 | Elf:3    | Noticed a deep elf sorcerer
 27443 | Elf:3    | Cast into level 3 of the Abyss (a deep elf sorcerer)
 27495 | Abyss:3  | Noticed a tentacled starspawn
 27507 | Abyss:3  | Killed a tentacled starspawn
 27599 | Abyss:3  | Killed from afar by a hell hog

Illustrated notes

Levels and vault maps discovered:
D:1:      dpeg_arrival_ternary, layout_basic, hellmonk_ecumenical_altar_run_dry,
          hangedman_abyss_or_decor_lesser_grid
D:2:      minmay_evil_eye, layout_basic, uniq_natasha
D:3:      layout_rooms, lightli_temple_of_fire
D:4:      layout_basic, mainiacjoe_overflow_surrounded_room,
          minmay_temple_entry_glass, serial_shops, shop, uniq_menkaure,
          uniq_grinder, uniq_edmund
D:5:      layout_basic, mainiacjoe_overflow_concentric_impassable,
          minmay_fountain_box, nicolae_elevator_lobby_asterisk
D:6:      layout_loops_ring, nicolae_fountain_basement, uniq_duvessa
D:7:      layout_layer_cave, nicolae_qazlal_style_of_elements
D:8:      layout_rooms, mainiacjoe_overflow_small_starburst,
          onia_ninara_dug_in_and_dangerous
D:9:      layout_basic, dancing_weapons_uskayaw, serial_shops, shop,
          grunt_decor_mini_mirrors, serial_bayou_pond_b
D:10:     layout_big_octagon, david_orc_4, ebering_ghost_disaster_area,
          serial_glass, glass_columns_c, glass_columns_a, glass_columns_c,
          glass_columns_a, glass_columns_b, glass_columns_b, enter_bailey_3,
          dilly_guarded_unrand_elemental_staff, uniq_fannar
D:11:     layout_gridville, uniq_nergalle
D:12:     layout_long_grid
D:13:     layout_irregular_city, grunt_vaults_entry_tiered, bloody_trog
D:14:     layout_layer_cave, grunt_ministairs_7, fungi_pond_lemuel,
          kennysheep_diamond
D:15:     gammafunk_depths_entry_grave, layout_layer_cave, serial_bayou_lagoon_a
Temple:   eino_temple_scatter_basement
Orc:1:    gammafunk_beogh_shrine, layout_caves, basic_altar, serial_shops,
          nicolae_shop_trees
Orc:2:    st_orc_rangers, layout_caves, basic_altar, serial_shops,
          nicolae_shop_waterfront
Elf:1:    layout_loops_corners, minmay_elf_necromancy
Elf:2:    nicolae_elf_blades_splatter_lattice
          [nicolae_blade_entry_area_security], layout_loops_ring
Elf:3:    nooodl_elf_gasket, layout_gridlike, basic_altar, uniq_asterion
Depths:1: minmay_skeleton_keep, layout_cave_shapes, enter_ziggurat_e,
          hell_entry, rand_demon_pan_entry_9, lemuel_round_altar,
          serial_sigils_hangedman_shear, kennysheep_generic_room_9
Abyss:3:  base:
Lair:5

Skill      XL: |  1  2  3  4  5  6  7  8  9 10 11 12 13 14 15 |
---------------+----------------------------------------------+-----
Axes           | 4 5 6 7 9 10 11 12 13 | 13.5
Fighting       | 4 5 6 7 8 10 11 12 13 14 | 14.5
Dodging        | 4 5 6 7 |  7.3
Stealth        | 2 3 4 5 |  5.3
Armour         | 2 3 4 5 6 8 9 10 11 12 13 | 13.8
Throwing       | 1 2 |  2.7
Maces & Flails | 1 6 9 10 11 12 14 | 14.2
Shields        | 1 3 4 7 9 12 14 | 14.5
Crossbows      | 6 9 10 | 10.9
Evocations     | |  0.3

Action                   |  1- 3 |  4- 6 |  7- 9 | 10-12 | 13-15 || total
-------------------------+-------+-------+-------+-------+-------++-------
Melee: Hand axe          |    81 |    16 |       |       |       ||    97
       Headbutt          |    11 |    12 |    32 |    57 |   179 ||   291
       Punch             |     2 |       |       |       |       ||     2
       War axe           |       |    40 |     7 |   150 |   244 ||   441
       Dire flail        |       |       |    68 |       |       ||    68
       Mace              |       |       |    86 |    78 |   400 ||   564
 Fire: Hand crossbow     |       |       |       |   142 |   226 ||   368
Throw: Stone             |       |     5 |       |       |       ||     5
       Javelin           |       |     4 |     3 |       |       ||     7
       Boomerang         |       |       |     6 |     2 |     6 ||    14
Invok: Ancestor Life: Ba |       |     1 |       |       |       ||     1
       Recall Ancestor   |       |       |       |       |     1 ||     1
Evoke: Wand              |       |       |       |       |     4 ||     4
  Use: Scroll            |       |       |     6 |    25 |     3 ||    34
       Potion            |       |       |       |     3 |     2 ||     5
 Stab: Sleeping          |     3 |       |       |       |       ||     3
       Distracted        |       |       |     4 |     2 |    14 ||    20
Armor: Robe              |    12 |       |       |       |       ||    12
       Chain mail        |    13 |    23 |    94 |    97 |   130 ||   357
Dodge: Dodged            |    44 |    17 |    65 |    56 |   103 ||   285
Block: Other             |       |       |     7 |       |       ||     7
       Reflection        |       |       |     1 |    22 |   155 ||   178
       Kite shield       |       |       |       |   173 |   697 ||   870
